 Dungeon Crawl Stone Soup version 0.27.1-35-g4d5d836560 (webtiles) character file.

Game seed: 4950644975702035891

16436 cbfl8 the Blocker (level 12, -1/104 HPs)
             Began as a Minotaur Delver on Mar 19, 2022.
             Was an Elder of Yredelemnul.
             Slain by a yak (5 damage)
             ... while petrified by a catoblepas
             ... on level 4 of the Lair of Beasts.
             The game lasted 00:27:23 (12232 turns).

cbfl8 the Blocker (Minotaur Delver)                Turns: 12232, Time: 00:27:24

Health: -1/104     AC: 21    Str: 20    XL:     12   Next: 10%
Magic:  13/13      EV:  2    Int:  7    God:    Yredelemnul [****..]
Gold:   703        SH:  0    Dex: 14    Spells: 11/11 levels left

rFire    . . .     SeeInvis +   F - +3 scimitar
rCold    . . .     Faith    .   z - +2 tower shield
rNeg     + + +     Spirit   .   U - +0 plate armour
rPois    ∞         Reflect  .   (helmet restricted)
rElec    .         Harm     .   A - +0 cloak
rCorr    .         Rampage  .   N - +2 pair of gloves
Will     .....                  V - +0 pair of boots
Stlth    ..........             j - amulet of regeneration
HPRegen  1.27/turn              P - ring of see invisible
MPRegen  0.13/turn              I - ring of positive energy

@: mighty, petrified, on berserk cooldown, slowed
A: horns 2, retaliatory headbutt
a: Renounce Religion, Recall Undead Slaves, Injury Mirror, Animate Dead, Drain
Life


You were on level 4 of the Lair of Beasts.
You worshipped Yredelemnul.
Yredelemnul was greatly pleased with you.
You visited 5 branches of the dungeon, and saw 17 of its levels.

You collected 823 gold pieces.
You spent 120 gold pieces at shops.

Inventory:

Hand Weapons
 y - a +3 flail of draining
 E - a +4 great sword
 F - a +3 scimitar (weapon)
Missiles
 D - 2 throwing nets (quivered)
Armour
 z - a +2 tower shield (worn)
 A - a +0 cloak (worn)
 N - a +2 pair of gloves (worn)
 U - a +0 plate armour (worn)
 V - a +0 pair of boots (worn)
Jewellery
 j - an amulet of regeneration (around neck)
 H - a ring of poison resistance
 I - a ring of positive energy (right hand)
 K - a ring of protection from fire
 P - a ring of see invisible (left hand)
 Q - a ring of wizardry
 X - a ring of fire
Wands
 g - a wand of digging (2)
 w - a wand of mindburst (17)
 G - a wand of charming (12)
 J - a wand of polymorph (8)
 T - a wand of flame (10)
 W - a wand of iceblast (9)
Scrolls
 c - 2 scrolls of fog
 d - 2 scrolls of magic mapping
 e - 5 scrolls of fear
 k - a scroll of summoning
 m - 7 scrolls of teleportation
 q - a scroll of holy word
 s - 3 scrolls of amnesia
 t - 4 scrolls of enchant weapon
 B - 3 scrolls of enchant armour
 C - 2 scrolls of vulnerability
 M - a scroll of immolation
 S - 3 scrolls of noise
Potions
 f - 3 potions of haste
 i - a potion of curing
 l - 2 potions of magic
 n - a potion of might
 o - 3 potions of degeneration
 r - 2 potions of ambrosia
 u - a potion of flight {unknown}
 x - 3 potions of lignification
 O - a potion of cancellation {unknown}
 R - a potion of berserk rage
 Y - a potion of brilliance {unknown}


   Skills:
 + Level 9.0 Fighting
 + Level 3.4 Long Blades
 + Level 3.6(8.2) Axes
 + Level 11.4(11.6) Maces & Flails
 + Level 10.7 Armour
 + Level 6.3 Dodging
 + Level 5.8 Stealth
 + Level 11.5 Shields
 + Level 3.4 Invocations
 + Level 1.0 Evocations


You had 11 spell levels left.
You didn't know any spells.
Your spell library contained the following spells:

 Spells                   Type           Power      Damage    Failure   Level
 Sting                    Tmut/Pois      0%         1d3       100%        1
 Poisonous Vapours        Pois/Air       0%         N/A       100%        2
 Sublimation of Blood     Necr           0%         N/A       100%        2
 Ignite Poison            Fire/Tmut/Pois 0%         N/A       100%        3
 Mephitic Cloud           Conj/Pois/Air  0%         N/A       100%        3
 Ozocubu's Armour         Ice            0%         N/A       100%        3
 Olgreb's Toxic Radiance  Pois           0%         N/A       100%        4
 Petrify                  Tmut/Erth      0%         N/A       100%        4
 Bolt of Magma            Conj/Fire/Erth 0%         4d4       100%        5
 Irradiate                Conj/Tmut      0%         3d13      100%        5
 Metabolic Englaciation   Hex/Ice        0%         N/A       100%        5
 Simulacrum               Ice/Necr       0%         N/A       100%        6


Dungeon Overview and Level Annotations

Branches:
Dungeon (10/15)            Temple (1/1) D:4            Lair (4/6) D:9
  Swamp (1/4) Lair:3        Snake (1/4) Lair:3
    Orc: D:9-12

Altars:
Ashenzari
Cheibriados
Dithmenos
Elyvilon
Fedhas
Gozag
Makhleb
Nemelex Xobeh
Okawaru
Qazlal
Ru
Sif Muna
Trog
Uskayaw
Vehumet
Wu Jian
Xom
Yredelemnul
Zin
The Shining One

Shops:
D:7 *[:

Annotations:
D:8 2 transporters, Peedeoo7's ghost, novice DrTm
D:10 Fannar


Innate Abilities, Weirdness & Mutations

You have a pair of horns on your head.
You reflexively headbutt those who attack you in melee.


Message History

The catoblepas breathes a plume of calcifying dust at you.
The blast of calcifying dust hits you but does no damage.
The death yak gores you!!
You are no longer berserk.
You feel yourself slow down. The catoblepas gores you!!
The death yak gores you but does no damage.
The catoblepas gores you!!
* * * LOW HITPOINT WARNING * * *
The death yak gores you.
* * * LOW HITPOINT WARNING * * *
The catoblepas gores you but does no damage.
The death yak gores you but does no damage.
The catoblepas gores you!!
* * * LOW HITPOINT WARNING * * *
The death yak gores you but does no damage.
The catoblepas breathes a plume of calcifying dust at you.
The blast of calcifying dust hits you but does no damage.
The death yak gores you!
* * * LOW HITPOINT WARNING * * *
You turn to flesh and can move again.
You feel very mighty all of a sudden.
You are engulfed in calcifying dust.
You are slowing down.
The catoblepas gores you but does no damage.
The death yak gores you but does no damage.
The yak snorts and paws the ground.
You slash the catoblepas!
You kill the catoblepas!
Yredelemnul accepts your kill.
You are engulfed in calcifying dust.
Your limbs have turned to stone.
The death yak gores you but does no damage.
The death yak gores you!
* * * LOW HITPOINT WARNING * * *
You have turned to stone.
Your Fighting skill increases to level 9!
The death yak gores you!
* * * LOW HITPOINT WARNING * * *
The yak gores you!
You die...
Your body rises from the dead as a mindless zombie.

....#.... ........
......### .....#.## ##
......... #.##
##.......P
#####.#########.....#
#.##...P#.#@YY....#
###..........Y#..#..###
#.........########..#.#
##.....P##.# #...#####
#.....P# ## #.....#.##
##......# ##.....<..#
#......## ###........##
#...>.#.#
#.#.........###
#.....###
###...........P##


You could see a death yak and 2 yaks.

Vanquished Creatures
  2 hydras
  A catoblepas (Lair:4)
  A death yak (Lair:3)
  2 bog bodies (Lair:3)
  An elephant (Lair:2)
  3 cane toads
  4 komodo dragons
  A troll (D:9)
  A polar bear (Lair:1)
  3 blink frogs
  4 wyverns
  Sigmund (D:6)
  A steam dragon (D:7)
  A basilisk (Lair:1)
  A wraith (D:9)
  7 yaks
  Edmund (D:4)
  2 nagas
  13 water moccasins
  2 orc warriors (D:9)
  An ice beast (D:7)
  A black bear (D:7)
  2 necrophages
  2 centaurs (D:7)
  2 phantoms
  2 kobold brigands
  7 bullfrogs
  A gnoll sergeant (D:8)
  3 scorpions
  6 killer bees (D:8)
  2 wights (D:6)
  A howler monkey (D:6)
  3 hounds
  An orc priest (D:9)
  A jelly (D:5)
  6 iguanas
  5 orc wizards
  A killer bee zombie (D:5)
  A hound zombie (D:5)
  A howler monkey zombie (D:9)
  6 gnolls
  8 adders
  A shadow imp (D:7)
  An ufetubus (D:5)
  An adder skeleton (D:4)
  2 worms
  5 dart slugs
  12 orcs
  5 ball pythons
  7 endoplasms
  3 giant cockroaches
  7 goblins
  7 hobgoblins
  6 jackals
  4 quokkas
  4 bats
  10 frilled lizards
  12 kobolds
  4 rats
206 creatures vanquished.

Vanquished Creatures (collateral kills)
  An alligator (Lair:3)
  4 elephants (Lair:2)
  A black mamba (Lair:1)
  A torpor snail (Lair:3)
  2 cane toads
  3 blink frogs
  7 yaks
  A basilisk (Lair:3)
  A water moccasin (Lair:4)
  A necrophage (D:6)
  An ogre (D:6)
  A centaur (D:8)
  2 bullfrogs
  A wyvern zombie (D:8)
  3 wights (D:6)
  A white imp (D:8)
  3 kobolds (D:8)
34 creatures vanquished.

Vanquished Creatures (others)
  A wight (Lair:2)
  A cane toad zombie (Lair:2)
  2 blink frog zombies
  2 wyvern zombies (Lair:4)
  A naga zombie (Lair:3)
  6 yak zombies
  A basilisk zombie (Lair:1)
  4 bullfrog zombies
  A gnoll zombie (D:8)
  2 killer bee zombies (D:8)
  3 komodo dragon zombies
  7 water moccasin zombies
  14 fungi
  21 plants
66 creatures vanquished.

Grand Total: 306 creatures vanquished

Notes
Turn   | Place    | Note
-------+----------+-------------------------------------------
     0 | D:5      | cbfl8 the Minotaur Delver began the quest for the Orb.
     0 | D:5      | Reached XP level 1. HP: 19/19 MP: 0/0
   154 | D:3      | Reached XP level 2. HP: 21/27 MP: 1/1
   340 | D:1      | Reached XP level 3. HP: 33/33 MP: 2/2
  1241 | D:2      | Reached skill level 1 in Armour
  1241 | D:2      | Reached XP level 4. HP: 40/40 MP: 3/3
  1267 | D:2      | Found a faded altar of an unknown god.
  1851 | D:2      | Reached skill level 5 in Stealth
  2299 | D:3      | Reached XP level 5. HP: 46/46 MP: 4/4
  2851 | D:4      | Noticed Edmund
  2861 | D:4      | Killed Edmund
  2862 | D:4      | Reached XP level 6. HP: 21/53 MP: 5/5
  2950 | D:4      | Found a staircase to the Ecumenical Temple.
  2978 | Temple   | Entered the Ecumenical Temple
  3045 | Temple   | Became a worshipper of Yredelemnul the Dark
  3164 | D:4      | Reached skill level 1 in Shields
  3206 | D:4      | Reached skill level 5 in Fighting
  3206 | D:4      | Reached XP level 7. HP: 53/61 MP: 6/6
  3239 | D:4      | Identified the +2 robe "Upniug" {+Inv rElec}
  3691 | D:5      | Reached * piety under Yredelemnul
  3809 | D:5      | Found a snail-covered altar of Cheibriados.
  3877 | D:5      | Reached skill level 5 in Maces & Flails
  4179 | D:5      | Reached XP level 8. HP: 63/68 MP: 7/7
  4508 | D:6      | Found an ornate altar of the Wu Jian Council.
  4509 | D:6      | Noticed Sigmund
  4524 | D:6      | Killed Sigmund
  4525 | D:6      | Reached skill level 5 in Armour
  4608 | D:6      | Found a shimmering blue altar of Sif Muna.
  5478 | D:6      | Found a burning altar of Makhleb.
  5756 | D:7      | Found Zegadgh's General Store.
  5764 | D:7      | Bought a potion of might for 40 gold pieces
  5764 | D:7      | Bought a potion of ambrosia for 80 gold pieces
  5785 | D:7      | Reached skill level 5 in Shields
  5785 | D:7      | Reached XP level 9. HP: 70/77 MP: 8/8
  5950 | D:7      | Found Gaalluapp's Book Shop.
  6078 | D:7      | Found Saghuub's Antique Armour Shop.
  6751 | D:8      | Reached ** piety under Yredelemnul
  6799 | D:8      | Noticed a green ugly thing
  6838 | D:8      | Found a transporter.
  7004 | D:8      | Found a transporter.
  7103 | D:8      | Noticed Peedeoo7's ghost (novice DrTm)
  7128 | D:8      | Reached skill level 1 in Invocations
  7198 | D:8      | Reached skill level 5 in Dodging
  7445 | D:8      | Noticed an unseen horror
  7581 | D:9      | Reached skill level 1 in Evocations
  7581 | D:9      | Reached XP level 10. HP: 83/86 MP: 10/10
  8047 | D:9      | Found a staircase to the Lair.
  8387 | D:9      | Reached *** piety under Yredelemnul
  8453 | D:9      | Found a shadowy altar of Dithmenos.
  8555 | D:9      | Found a broken altar of Ashenzari.
  8556 | D:9      | Found a glowing silver altar of Zin.
  8620 | D:10     | Entered Level 10 of the Dungeon
  8637 | D:10     | Noticed Fannar
  8676 | Lair:1   | Entered Level 1 of the Lair of Beasts
  8676 | Lair:1   | Noticed a cane toad
  8688 | Lair:1   | Killed a cane toad
  8805 | Lair:1   | Noticed a cane toad
  8817 | Lair:1   | Killed a cane toad
  8900 | Lair:1   | Noticed a four-headed hydra
  8911 | Lair:1   | Killed a four-headed hydra
  9103 | Lair:1   | Identified the +1 flail of Rifruurr {speed, Will- Int+6
                  | Dex+4}
  9128 | Lair:1   | Identified the +1 robe of Viupah {Rampage rN+ Dex-4}
  9139 | Lair:1   | Reached skill level 10 in Maces & Flails
  9327 | Lair:1   | Noticed a black mamba
  9334 | Lair:1   | Killed a black mamba
  9335 | Lair:1   | Received a gift from Yredelemnul (a wight)
  9339 | Lair:1   | Reached XP level 11. HP: 71/94 MP: 11/11
 10172 | Lair:2   | Noticed a five-headed hydra
 10183 | Lair:2   | Killed a five-headed hydra
 10519 | Lair:2   | Reached skill level 10 in Shields
 10655 | Lair:3   | Found a staircase to the Snake Pit.
 10685 | Lair:3   | Reached skill level 10 in Armour
 10762 | Snake:1  | Entered Level 1 of the Snake Pit
 10762 | Snake:1  | Noticed a naga warrior
 10762 | Snake:1  | Noticed a naga warrior
 10786 | Lair:3   | Noticed a bog body
 10791 | Lair:3   | Noticed a bog body
 10796 | Lair:3   | Killed a bog body
 10797 | Lair:3   | Found a staircase to the Swamp.
 10800 | Lair:3   | Killed a bog body
 10860 | Lair:3   | Noticed a death yak
 10865 | Lair:3   | Reached skill level 1 in Long Blades
 10871 | Lair:3   | Killed a death yak
 11271 | Swamp:1  | Entered Level 1 of the Swamp
 11274 | Swamp:1  | Noticed an alligator
 11274 | Swamp:1  | Noticed an alligator
 11288 | Lair:3   | Killed an alligator
 11745 | Lair:4   | Reached XP level 12. HP: 77/103 MP: 13/13
 11983 | Lair:4   | Reached **** piety under Yredelemnul
 12010 | Lair:4   | Noticed a death yak
 12011 | Lair:4   | Noticed a catoblepas
 12041 | Lair:4   | HP: 5/103 [catoblepas (7)]
 12041 | Lair:4   | HP: 1/103 [death yak (4)]
 12231 | Lair:4   | Killed a catoblepas
 12232 | Lair:4   | HP: 4/104 [death yak (4)]
 12232 | Lair:4   | Slain by a yak

Illustrated notes

Levels and vault maps discovered:
D:1:      beargit_arrival_diablo_church, layout_basic
D:2:      layout_loops_ring, hellmonk_ecumenical_altar_zigzags, st_stairs_6
D:3:      layout_basic
D:4:      layout_basic, minmay_temple_entry_arrows, minmay_lizard_king,
          uniq_edmund
D:5:      layout_loops_ring, slow_altar_1
D:6:      layout_basic, nicolae_wu_jian_wuxing_cycle, lightli_temple_of_fire,
          mainiacjoe_overflow_alcove_1, uniq_sigmund
D:7:      wad_crossroads, layout_loops_corners, serial_shops,
          nicolae_shop_stone, shop, kennysheep_mini_moat,
          chequers_serial_rivers_micro_b
D:8:      layout_cave_pools, nzn_ghost_randoct, nicolae_straight_to_the_point
D:9:      layout_long_grid, gammafunk_temple_overflow_pools, lemuel_round_altar,
          dpeg_oklobed_lair
D:10:     layout_roguey, lemuel_mausoleum_altar_kikubaaqudgha,
          mainiacjoe_overflow_cross_hatched, special_room [special_room_orc],
          uniq_fannar
Temple:   dshaligram_water_room_temple
Lair:1:   layout_cave_pods
Lair:2:   layout_long_grid
Lair:3:   layout_misc_corridors, skrybe_swamp_entry_bodies,
          guppyfry_snake_entry_garden
Lair:4:   layout_cave_pods, nicolae_lair_yak_garden
Swamp:1:  layout_falls_marsh, ebering_ghost_reflecting_pool,
          evilmike_swamp_ruin_house_2
Snake:1:  layout_grid_shapes, portal_ice_cave_entry_dragon

Skill      XL: |  1  2  3  4  5  6  7  8  9 10 11 12 |
---------------+-------------------------------------+-----
Fighting       | 4 5 6 7 8 9 |  9.0
Armour         | 1 3 4 6 7 8 10 | 10.7
Axes           | 3 |  3.6
Stealth        | 5 |  5.8
Dodging        | 3 4 5 6 |  6.3
Maces & Flails | 2 3 5 7 8 10 11 | 11.4
Shields        | 1 3 5 7 9 11 | 11.5
Invocations    | 1 3 |  3.4
Evocations     | 1 |  1.0
Long Blades    | 2 3 |  3.4

Action                   |  1- 3 |  4- 6 |  7- 9 | 10-12 || total
-------------------------+-------+-------+-------+-------++-------
Melee: Hand axe          |    66 |    39 |       |       ||   105
       Headbutt          |    15 |    27 |    46 |    96 ||   184
       Flail             |       |   111 |   215 |   231 ||   557
       Scimitar          |       |       |       |   132 ||   132
Invok: Animate Remains   |       |       |     7 |       ||     7
       Animate Dead      |       |       |       |    21 ||    21
       Recall Undead Sla |       |       |       |     1 ||     1
Evoke: Wand              |       |       |     1 |       ||     1
  Use: Scroll            |       |     5 |     5 |    10 ||    20
       Potion            |       |     2 |       |    10 ||    12
 Stab: Sleeping          |     1 |     3 |     3 |       ||     7
       Distracted        |       |       |     2 |     6 ||     8
       Petrified         |       |       |       |     4 ||     4
       Petrifying        |       |       |       |     1 ||     1
Armor: Leather armour    |     9 |       |       |       ||     9
       Scale mail        |    31 |    94 |    76 |    94 ||   295
       Skin              |     1 |       |       |       ||     1
       Plate armour      |       |       |       |   218 ||   218
Dodge: Dodged            |    53 |    99 |    55 |   140 ||   347
Block: Tower shield      |       |    46 |   264 |   488 ||   798
       Rpst.: Scimitar   |       |       |       |     9 ||     9
